AoeStats
← Goldin555

Black Forest

504808089Analyzed
1v1 RM · 25d ago on Sep 6, 2026· 19m 15s· 2 players
Game mode
Random Map
Map size
Tiny (2 player)
Population
200
Speed
Normal
Resources
Standard
Victory
Conquest
Starting age
Dark Age
Ending age
Imperial Age
RankedLock teamsTeams togetherTeam positionsShared explorationLock speedFull tech treeHidden civsTurbo modeCheats
Victory
Defeat
🇨🇿 Poles · Czechia
813
+42
🇬🇷 Byzantines · Greece
818
-42
Čip 007
8:24 Loom
13:37 Feudal Age
15:45 Double-Bit Axe
16:59 Wheelbarrow
16:00 Man-at-Arms
Goldin555
11:32 Feudal Age
12:50 Wheelbarrow
14:09 Man-at-Arms
Connection lost

Rejoining the realm…

Still unreachable

The connection could not be restored.

Session expired

The server has moved on; the page needs a fresh start.